nht, chaotic female elven Wizard -------------- -------- ------ ##-............| #-....>.| ----- --....| # |............-####|......| ##+...| +.....| ### |.^%....*....| ---.---- # |.<.| |.....| # |.........---- ### ####....| |....(.## |.........| # ## -.--- #-.....| --.--|----- ### #### #### ###|....-- # # # --------## # # ------ ### |.......## #### ### # |......|# ### # --------|--- |......+ --.-.-# |.......@..| |...{.-- .....|# |(..(((((..| |.....| |....|# |((+*((..(.| ------- |....|# |@(..((.+..| +..*.-# ------------ ------ nht the Evoker Experience level: 1 Strength: 7 Dexterity: 15 Constitution: 14 Intelligence: 17 Wisdom: 10 Charisma: 13 Health: 0(5) Energy: 14(14) Def: 3 Gold: 0 Moves: 377 Dungeon seed: QkqDIerLpjTFyBZm Game ID: nht_1432058940 Your Inventory: Weapons a - a blessed +1 quarterstaff (weapon in hands) Armor e - an uncursed burnt +0 cloak of magic resistance (being worn) Comestibles s - an uncursed sprig of wolfsbane G - an uncursed eucalyptus leaf Scrolls i - an uncursed scroll of destroy armor j - an uncursed scroll of create monster u - a cursed scroll of remove curse L - an uncursed scroll of punishment P - a cursed scroll of enchant weapon Spellbooks q - a blessed spellbook of blank paper W - an uncursed spellbook of magic mapping Potions f - an uncursed potion of object detection Rings c - a blessed +3 ring of protection (on left hand) d - an uncursed ring of see invisible S - an uncursed ring of see invisible Wands b - a wand of striking (0:7) B - a wand of lightning (0:5) K - a wand of magic missile (0:5) Y - a wand of sleep (0:7) Tools h - 7 uncursed partly used tallow candles (lit) (0:150) o - a magic marker (0:60) p - an uncursed tooled horn v - an uncursed skeleton key x - a +0 pick-axe D - an uncursed magic whistle E - an uncursed towel H - an uncursed wooden harp M - an uncursed oil lamp (0:1447) N - an uncursed tin whistle T - an uncursed sack U - a bag of tricks (0:4) V - an uncursed tin whistle Z - an uncursed sack Gems n - an uncursed worthless piece of green glass y - 2 uncursed worthless pieces of orange glass Spells known in the end: Name Level Category Fail Memory a - force bolt 1 attack 0% 99% b - magic missile 2 attack 0% 99% c - light 1 divination 0% 99% d - detect monsters 1 divination 0% 99% e - cause fear 3 enchantment 51% 100% Your skills at the end: Fighting Skills Weapon Skills quarterstaff [Basic] Spellcasting Skills attack spells [Basic] enchantment spells [Basic] Final Attributes: You were piously aligned. You were magic-protected. You had infravision. You were protected. You are dead. Vanquished creatures: 3 giant rats a gecko 2 jackals a fox a kobold zombie 8 creatures vanquished. Voluntary challenges: You followed a strict vegan diet. You were an atheist. You used a wielded weapon 7 times, starting on turn 109. You read items or engraved 19 times, starting on turn 56. You never genocided any monsters. You never polymorphed an object. You never changed form. You used no wishes. You never split a pudding. You wrote Elbereth's name 4 times, starting on turn 280. You never violated your personal moral code. You disabled loading bones files. Dungeon overview: The Dungeons of Doom: levels 1 to 4 Level 1 a long staircase Level 2 Level 3 <- You were here a hardware shop, a fountain Level 4 History has recorded: On T:1 you entered the Dungeons of Doom to retrieve the Amulet of Yendor! On T:24 you reached level 2 of The Dungeons of Doom. On T:42 you reached level 3 of The Dungeons of Doom. On T:273 you reached level 4 of The Dungeons of Doom. Score breakdown: Gold: 0 ( 0 points) Experience: 1 level ( 0 points) Exploration: 4 levels ( 8.70%) ( 7745 points) Discoveries: 14 items ( 5.07%) ( 6756 points) Valuables value: (no points given unless you survive) Artifact value: 0 ( 0 points) Variety of kills: 5 monsters ( 1.32%) ( 3445 points) Time penalty: 377 turns ( 0 points) Survival: died (score multiplied by 80%) Total score: 14356 Latest messages: As you read the scroll, it disappears. The scroll erupts in a tower of flame! Your cloak smoulders! Your scrolls of remove curse catch fire and burn! Your scroll called ey2 catches fire and burns! Your scroll called kirj2 catches fire and burns! Your spellbook called br3 catches fire and burns! Thusenna comes and takes all your possessions. Final status: Goodbye nht the Wizard, burned by a tower of flame... You burned in The Dungeons of Doom on dungeon level 3 with 14356 points, and 0 pieces of gold, after 377 moves. You were level 1 with a maximum of 5 hit points when you burned.